 Dungeon Crawl Stone Soup version 0.30-b1-2-g02819fbbbe (webtiles) character file.

Game seed: 2832354797325667379

82198 night the Brawler (level 15, 0/152 HPs)
             Began as a Troll Fighter on May 12, 2023.
             Was the Champion of Wu Jian.
             Slain by a sun demon (14 damage)
             ... summoned by an orc high priest
             ... on level 2 of the Orcish Mines.
             The game lasted 00:48:23 (17684 turns).

night the Brawler (Troll Fighter)                  Turns: 17684, Time: 00:48:24

Health: 0/152      AC: 12    Str: 36    XL:     15   Next: 28%
Magic:  8/14       EV: 14    Int:  4    God:    Wu Jian [******]
Gold:   1803       SH: 12    Dex:  9    Spells: 14/14 levels left

rFire   . .          .
                       - Unarmed
rCold   . . .        b - +0 kite shield
rNeg    . . .        Q - +0 troll leather armour
rPois   .            e - +0 hat of Xufrox {Str+2}
rElec   .            s - +0 cloak
rCorr   .            (gloves unavailable)
SInv    .            (boots unavailable)
Will    +....        z - amulet of regeneration
Stlth   +            o - +4 ring of protection
HPRegen 2.85/turn    J - +5 ring of evasion
MPRegen 0.14/turn

%: no passive effects
@: no status effects
A: large, unfitting armour, claws 3, regeneration 1, shaggy fur 1, tough skin 1
a: Renounce Religion, Wall Jump, Serpent's Lash, Heavenly Storm


You were on level 2 of the Orcish Mines.
You worshipped Wu Jian.
Wu Jian was exalted by your worship.
You visited 3 branches of the dungeon, and saw 19 of its levels.
You also visited: Ossuary and Gauntlet.

You collected 2031 gold pieces.
You spent 228 gold pieces at shops.

Inventory:

Hand Weapons
 Z - the +8 whip "Snakebite" {venom, curare, rPois}
   (You found it on level 2 of the Lair of Beasts)

   rPois:     It protects you from poison.
Missiles
 p - 8 curare-tipped darts
 C - 3 boomerangs of dispersal
 D - 5 throwing nets
 E - 40 poisoned darts
 G - 25 boomerangs
 H - 5 atropa-tipped darts
 P - 7 large rocks (quivered)
Armour
 b - a +0 kite shield (worn)
 e - the +0 hat of Xufrox (worn) {Str+2}
   (You found it in a Gauntlet)

   Str:       It affects your strength (+2).
 g - +0 acid dragon scales
 s - a +0 cloak (worn)
 I - a +0 tower shield
 Q - a +0 troll leather armour (worn)
Jewellery
 o - a +4 ring of protection (left claw)
 y - the ring of the Supporting Gods {rElec rPois rN++ rCorr Str-4}
   (You took it off an orc wizard on level 2 of the Orcish Mines)

   [ring of poison resistance]

   Str:       It affects your strength (-4).
   rElec:     It insulates you from electricity.
   rPois:     It protects you from poison.
   rN:        It greatly protects you from negative energy.
   rCorr:     It protects you from acid and corrosion.
 z - an amulet of regeneration (around neck)
 J - a +5 ring of evasion (right claw)
 R - a +6 ring of strength
 S - a ring of positive energy
 W - a ring of poison resistance
 X - a +5 ring of evasion
Wands
 a - a wand of acid (9)
 x - a wand of mindburst (3)
 A - a wand of roots (3)
 L - a wand of flame (26)
Scrolls
 f - 3 scrolls of poison
 i - 4 scrolls of immolation
 j - 2 scrolls of enchant armour
 k - 7 scrolls of teleportation
 m - 4 scrolls of blinking
 q - 4 scrolls of fear
 t - 4 scrolls of enchant weapon
 u - 4 scrolls of amnesia
 v - 3 scrolls of silence
 T - 5 scrolls of torment
 U - 5 scrolls of fog
 Y - 7 scrolls of identify
Potions
 c - 2 potions of might
 d - 4 potions of mutation
 h - 3 potions of haste
 l - 12 potions of curing
 n - 2 potions of invisibility
 r - 5 potions of flight
 w - a potion of lignification
 B - 4 potions of attraction
 F - 2 potions of ambrosia
 K - a potion of resistance
 M - 3 potions of heal wounds
 N - 3 potions of brilliance
 V - a potion of cancellation {unknown}
Miscellaneous
 O - a lightning rod (inert)


   Skills:
 + Level 10.9 Fighting
 + Level 6.4 Armour
 - Level 2.4 Dodging
 + Level 14.8 Shields
 * Level 17.5 Unarmed Combat


You had 14 spell levels left.
You didn't know any spells.
Your spell library contained the following spells:

 Spells                   Type           Power      Damage    Failure   Level
 Kiss of Death            Conj/Necr      0%         2d5       63%         1
 Magic Dart               Conj           0%         1d3       63%         1
 Necrotise                Necr           0%         1d4       63%         1
 Shock                    Conj/Air       0%         1d3       63%         1
 Slow                     Hex            0%         N/A       63%         1
 Ensorcelled Hibernation  Hex/Ice        0%         N/A       77%         2
 Passwall                 Tmut/Erth      0%         N/A       77%         2
 Searing Ray              Conj           0%         2d4       77%         2
 Sublimation of Blood     Necr           0%         N/A       77%         2
 Wereblood                Tmut           0%         N/A       77%         2
 Confusing Touch          Hex            0%         N/A       94%         3
 Spider Form              Tmut/Pois      0%         N/A       94%         3
 Swiftness                Air            0%         N/A       94%         3
 Vampiric Draining        Necr           0%         2d6       94%         3
 Airstrike                Air            0%         2d(0-16)  100%        4
 Anguish                  Hex/Necr       0%         N/A       100%        4
 Fulminant Prism          Conj/Hex       0%         3d5       100%        4
 Leda's Liquefaction      Hex/Erth       0%         N/A       100%        4
 Agony                    Necr           0%         N/A       100%        5
 Alistair's Intoxication  Tmut/Pois      0%         N/A       100%        5
 Borgnjor's Vile Clutch   Necr/Erth      0%         N/A       100%        5
 Lee's Rapid Deconstruct  Erth           0%         3d4*      100%        5
 Eringya's Noxious Bog    Tmut/Pois      0%         N/A       100%        6
 Statue Form              Tmut/Erth      0%         N/A       100%        6
 Enfeeble                 Hex            0%         N/A       100%        7
 Summon Hydra             Summ           0%         N/A       100%        7
 Necromutation            Tmut/Necr      0%         N/A       100%        8


Dungeon Overview and Level Annotations

Branches:
Dungeon (12/15)            Temple (0/1) D:7            Lair (5/5) D:8
  Swamp (0/4) Lair:3        Snake (0/4) Lair:2        Slime (0/5) Lair:4
    Orc (2/2) D:12            Elf (0/3) Orc:2       Ossuary (visited)
Gauntlet (visited)

Altars:
Cheibriados
Fedhas
Hepliaklqana
Kikubaaqudgha
Qazlal
Ru
Uskayaw
Vehumet
Wu Jian
Xom
Jiyva

Shops:
D:2 ?   D:4 [*(*   D:8 =   Orc:2 !?


Innate Abilities, Weirdness & Mutations

You are too large for most types of armour.
You have claws for hands.
Your natural rate of healing is unusually fast.
You are covered in fur. (AC +1)
You have tough skin. (AC +1)


Message History

You eviscerate the red devil!!!
You kill the red devil!
The red devil disappears in a puff of smoke!
An orc knight comes into view. It is wielding a +4 battleaxe.
The orc knight shouts!
You hear a shout!
The orc sorcerer mumbles some strange words.
The orc sorcerer gestures at you while chanting.
The bolt of fire hits you!!
The orc sorcerer attacks as you move away!
The orc sorcerer hits you with a +0 dagger.
The chaos spawn attacks as you move away!
The chaos spawn hits you.
You feel your power leaking away.
You mangle the orc sorcerer!!
The orc sorcerer is severely wounded.
The orc sorcerer casts a spell at you. The bolt of fire hits you!
You completely miss the orc sorcerer.
The orc sorcerer is severely wounded.
You block the orc sorcerer's attack.
You scratch the orc sorcerer but do no damage.
The orc sorcerer is severely wounded.
The orc sorcerer misses you.
You eviscerate the orc sorcerer!!!
You kill the orc sorcerer!
The Council accepts your kill.
You scratch the sun demon but do no damage.
The sun demon hits you!
You are engulfed in flames!
You claw the sun demon!
The sun demon is moderately wounded.
The sun demon hits you.
* * * LOW HITPOINT WARNING * * *
You are engulfed in flames!
* * * LOW HITPOINT WARNING * * *
You closely miss the sun demon.
The sun demon is moderately wounded.
The sun demon hits you!
* * * LOW HITPOINT WARNING * * *
You are engulfed in flames!
You die...

####.###.##.#.#..#....##...#
##.#...............#.......##
#...#.....##...#...#.......###
##.##...####).###.........##.##
##.#....###).#####........#...#
##......###))###.###...........#
#.^....###.)###...###.......#..#
#.....###..###.#3#.###......#...
##....###..###..@#.3o###.........
#....###..###...###...###........
....###..###...## ##o..###......#
#.####........## ##.).###......
#####....#)..## ##)).###.....
##...#....## ##)#.###...#
##∩.#.....## #.).))..####.#
#.....#..## ##.#.....###..
##∩.#.....## #o4.....###..#


You could see a sun demon (summoned).

Vanquished Creatures
  2 orc warlords (Orc:2)
  5 dire elephants (Lair:5)
  A minotaur (Gauntlet)
  Snorg (D:11)
  3 hydras (Lair:5)
  The ghost of GrimJard the Destroyer, a journeyman DrCj of Vehumet (Lair:2)
  Harold (D:10)
  An ogre mage (D:12)
  3 catoblepae
  6 two-headed ogres
  A death yak (Lair:5)
  A spectral dire elephant (Lair:5)
  3 orc high priests (Orc:2)
  3 skysharks
  3 sixfirhies (Gauntlet)
  2 spectral death yaks (Lair:5)
  A spectral anaconda (Lair:5)
  Pikel (D:7)
  5 orc knights (Orc:2)
  3 necromancers (Lair:5)
  An obsidian statue (Lair:5)
  4 deep elf pyromancers
  An oklob plant (Lair:2)
  A deep elf zephyrmancer (Orc:1)
  4 orc sorcerers (Orc:2)
  31 elephants
  A cyclops (D:11)
  2 torpor snails
  5 black mambas
  A guardian serpent (D:12)
  4 komodo dragons
  12 cane toads
  A gargoyle (D:12)
  An unseen horror (D:11)
  Psyche (D:9)
  An ice devil (Orc:2)
  A rime drake (Lair:1)
  A kobold demonologist (D:11)
  7 trolls
  2 polar bears
  3 hornets
  6 dream sheep (Lair:4)
  3 blink frogs (Lair:2)
  A spectral elephant (Lair:5)
  A flying skull (Gauntlet)
  3 slime creatures (D:12)
  A ynoxinul (Orc:2)
  A wraith (D:12)
  74 yaks
  A shadow (D:12)
  2 wyverns
  3 basilisks
  2 death yak simulacra (Lair:5)
  A steam dragon (Lair:2)
  4 vampire mosquitoes (D:11)
  3 wargs
  A spectral cane toad (Lair:5)
  2 acid dragons
  16 water moccasins
  4 black bears
  39 orc warriors
  An elephant zombie (Lair:5)
  2 sky beasts (D:7)
  A hornet zombie (Ossuary)
  13 ogres
  8 wolves
  4 boggarts (Lair:3)
  2 centaurs (D:7)
  A phantom (D:6)
  4 lemures (D:7)
  An elf zombie (D:4)
  A gnoll sergeant (D:7)
  3 kobold brigands
  8 bullfrogs
  6 scorpions
  An elf skeleton (D:4)
  3 wyvern zombies (Ossuary)
  A cane toad simulacrum (Lair:5)
  2 water moccasin zombies (Ossuary)
  12 wights
  An elephant simulacrum (Lair:5)
  A howler monkey (D:12)
  An electric eel (Lair:3)
  6 hounds
  7 bullfrog zombies (Ossuary)
  5 centaur zombies (Ossuary)
  Crazy Yiuf (D:7)
  20 orc priests
  A human skeleton (D:4)
  5 jellies
  2 gnoll boudas
  A sleepcap (D:7)
  4 iguanas
  20 orc wizards
  4 killer bee zombies (Ossuary)
  10 mummies (Ossuary)
  2 howler monkey zombies (Ossuary)
  10 adders
  14 gnolls
  3 white imps
  2 ufetubi
  3 dart slugs
  75 orcs
  4 ball pythons
  4 endoplasms (D:1)
  2 giant cockroaches (D:4)
  8 hobgoblins
  4 jackals (D:1)
  13 kobolds
  3 quokkas
  8 bats
  3 frilled lizards
  6 goblins
  3 orc skeletons (D:4)
  6 rats
  A bush (Lair:1)
637 creatures vanquished.

Vanquished Creatures (others)
  An elephant (Lair:5)
  36 fungi
  17 plants
  26 withered plants
80 creatures vanquished.

Grand Total: 717 creatures vanquished

Notes
Turn   | Place    | Note
-------+----------+-------------------------------------------
     0 | D:1      | night the Troll Fighter began the quest for the Orb.
     0 | D:1      | Reached XP level 1. HP: 22/22 MP: 0/0
   198 | D:1      | Reached XP level 2. HP: 25/29 MP: 1/1
   508 | D:1      | Reached XP level 3. HP: 36/36 MP: 2/2
  1061 | D:2      | Noticed a floating eye
  1063 | D:2      | Noticed a shining eye
  1065 | D:2      | Found a faded altar of an unknown god.
  1067 | D:2      | Noticed an eye of devastation
  1071 | D:2      | Noticed a golden eye
  1130 | D:2      | Found The Oracle's Delphic Readings.
  1134 | D:2      | Bought a scroll of blinking for 75 gold pieces
  1321 | D:2      | Reached skill level 3 in Unarmed Combat
  1525 | D:3      | Noticed a water moccasin
  1542 | D:3      | Killed a water moccasin
  1543 | D:3      | Reached XP level 4. HP: 41/45 MP: 3/3
  1543 | D:3      | Reached XP level 5. HP: 48/53 MP: 4/4
  1551 | D:3      | Reached skill level 4 in Unarmed Combat
  2048 | D:3      | Found a radiant altar of Vehumet.
  2048 | D:3      | Found an ornate altar of the Wu Jian Council.
  2055 | D:3      | Became a worshipper of the Wu Jian Council
  2170 | D:4      | Found Polloq's General Store.
  2179 | D:4      | Bought a potion of curing for 39 gold pieces
  2253 | D:4      | Found Sodub's Weapon Boutique.
  2352 | D:4      | Reached XP level 6. HP: 61/61 MP: 5/5
  2445 | D:4      | Found a sand-covered staircase.
  2454 | Ossuary  | Entered an ossuary
  2497 | Ossuary  | Reached skill level 5 in Shields
  2497 | Ossuary  | Reached skill level 5 in Unarmed Combat
  2529 | Ossuary  | Reached XP level 7. HP: 62/68 MP: 6/6
  2567 | Ossuary  | Reached * piety under Wu Jian
  2666 | Ossuary  | Reached skill level 6 in Unarmed Combat
  2713 | Ossuary  | Reached XP level 8. HP: 66/78 MP: 7/7
  2944 | D:4      | Reached ** piety under Wu Jian
  2966 | D:4      | Found Zonliecs's Antique Armour Shop.
  2975 | D:4      | Bought a shadowed robe for 114 gold pieces
  2975 | D:4      | Identified the +1 robe of Valiance {rPois Dex-5 Slay+6
                  | Archmagi} (You bought it in a shop on level 4 of the
                  | Dungeon)
  2986 | D:4      | Found Deblezan's General Store.
  3072 | D:4      | Noticed a +0 hand axe
  3072 | D:4      | Noticed a +0 dagger
  3073 | D:4      | Found a hide-covered altar of Uskayaw.
  3161 | D:4      | Reached skill level 7 in Unarmed Combat
  3284 | D:5      | Entered Level 5 of the Dungeon
  3721 | D:5      | Reached skill level 5 in Fighting
  3721 | D:5      | Reached XP level 9. HP: 70/88 MP: 8/8
  4276 | D:5      | Reached skill level 8 in Unarmed Combat
  4412 | D:6      | Reached *** piety under Wu Jian
  4530 | D:6      | Reached skill level 9 in Unarmed Combat
  4583 | D:6      | Found a hazy altar of Hepliaklqana.
  4588 | D:6      | Found a blossoming altar of Fedhas.
  4848 | D:6      | Found a large runed translucent door.
  4856 | D:6      | Found a large runed translucent door.
  4873 | D:6      | Found a shimmering altar of Xom.
  4905 | D:6      | Found a snail-covered altar of Cheibriados.
  4992 | D:7      | Found a staircase to the Ecumenical Temple.
  5008 | D:7      | Reached XP level 10. HP: 60/98 MP: 9/9
  5097 | D:7      | Found a stormy altar of Qazlal.
  5185 | D:7      | Noticed Pikel
  5196 | D:7      | Killed Pikel
  5218 | D:7      | Found a sacrificial altar of Ru.
  5246 | D:7      | Reached **** piety under Wu Jian
  5425 | D:7      | Found a runed translucent door.
  5426 | D:7      | Noticed Crazy Yiuf
  5431 | D:7      | Killed Crazy Yiuf
  5604 | D:7      | Found the +8 trident of the Octopus King {venom, rElec
                  | rPois}
  5623 | D:7      | Reached skill level 10 in Unarmed Combat
  5663 | D:7      | Found an ancient bone altar of Kikubaaqudgha.
  5945 | D:8      | Identified the +7 spear of Cocytus {pain, Contam Int+7
                  | Dex-5}
  5960 | D:8      | Noticed a two-headed ogre
  5970 | D:8      | Killed a two-headed ogre
  6101 | D:8      | Found a staircase to the Lair.
  6341 | D:8      | Found Caupnofiha's Jewellery Shop.
  6369 | D:8      | Reached skill level 10 in Shields
  6736 | D:9      | Noticed a two-headed ogre
  6750 | D:9      | Reached skill level 11 in Unarmed Combat
  6760 | D:9      | Killed a two-headed ogre
  6761 | D:9      | Reached XP level 11. HP: 105/107 MP: 10/10
  7069 | D:9      | Reached ***** piety under Wu Jian
  7117 | D:9      | Noticed Psyche
  7119 | D:9      | Paralysed by Psyche for 4 turns
  7132 | D:9      | Killed Psyche
  7269 | D:10     | Entered Level 10 of the Dungeon
  7366 | D:10     | Noticed Harold
  7376 | D:10     | Killed Harold
  7377 | D:10     | Reached skill level 12 in Unarmed Combat
  8510 | D:11     | Noticed Snorg
  8545 | D:11     | Killed Snorg
  8546 | D:11     | Reached XP level 12. HP: 58/119 MP: 11/11
  9243 | D:12     | Noticed a two-headed ogre
  9252 | D:12     | Killed a two-headed ogre
  9253 | D:12     | Reached skill level 13 in Unarmed Combat
  9255 | D:12     | Noticed an ogre mage
  9270 | D:12     | Killed an ogre mage
  9272 | D:12     | Noticed a two-headed ogre
  9288 | D:12     | Killed a two-headed ogre
  9342 | D:12     | Noticed a two-headed ogre
  9349 | D:12     | Killed a two-headed ogre
  9380 | D:12     | Noticed a two-headed ogre
  9384 | D:12     | Found a staircase to the Orcish Mines.
  9392 | D:12     | Killed a two-headed ogre
  9696 | D:12     | Identified the +8 spear of Yvokonna {pain, rElec}
 10112 | Lair:1   | Entered Level 1 of the Lair of Beasts
 10223 | Lair:1   | Noticed a catoblepas
 10273 | D:8      | Killed a catoblepas
 10434 | Lair:1   | Reached skill level 14 in Unarmed Combat
 11106 | Lair:2   | Reached XP level 13. HP: 130/130 MP: 12/12
 11129 | Lair:1   | Reached skill level 1 in Armour
 11313 | Lair:2   | Found a runed translucent door.
 11315 | Lair:2   | Noticed GrimJard's ghost (journeyman DrCj)
 11437 | Lair:2   | Reached ****** piety under Wu Jian
 11648 | Lair:2   | Found a staircase to the Snake Pit.
 12114 | Lair:2   | Found the +8 whip "Snakebite" {venom, curare, rPois}
 12395 | Lair:2   | Killed GrimJard's ghost
 12450 | Lair:3   | Got the Anthology of the Bane
 12460 | Lair:3   | Found a staircase to the Swamp.
 12833 | Lair:3   | Reached skill level 15 in Unarmed Combat
 13788 | Lair:4   | Found a staircase to the Slime Pits.
 13788 | Lair:4   | Found a viscous altar of Jiyva.
 14005 | Lair:5   | Entered Level 5 of the Lair of Beasts
 14180 | Lair:5   | Found a gate leading to a gauntlet.
 14205 | Gauntlet | Entered a Gauntlet
 14205 | Gauntlet | Found a runed translucent door.
 14205 | Gauntlet | Found a transporter.
 14205 | Gauntlet | Found a runed translucent door.
 14205 | Gauntlet | Found a transporter.
 14283 | Gauntlet | Found a transporter.
 14298 | Gauntlet | Found a transporter.
 14298 | Gauntlet | Found a transporter.
 14300 | Gauntlet | Found a transporter.
 14301 | Gauntlet | Found a transporter.
 14313 | Gauntlet | Found a transporter.
 14329 | Gauntlet | Found a transporter.
 14338 | Gauntlet | Found a transporter.
 14342 | Gauntlet | Found a runed translucent door.
 14356 | Gauntlet | Found a transporter.
 14373 | Gauntlet | Found a transporter.
 14373 | Gauntlet | Found a transporter.
 14388 | Gauntlet | Found a transporter.
 14425 | Gauntlet | Reached XP level 14. HP: 141/141 MP: 13/13
 14562 | Gauntlet | Identified the +0 hat of Xufrox {Str+2}
 14641 | Gauntlet | Identified the +9 scimitar of Eternal Vigilance {pain,
                  | Dex+3}
 14641 | Gauntlet | Identified the ring of the Median {*Slow Int+4 Dex+6}
 14857 | Lair:5   | Reached skill level 10 in Fighting
 14874 | Lair:5   | Reached skill level 16 in Unarmed Combat
 15021 | Lair:5   | Got Kikubaaqudgh's Guide on Evil
 15218 | Lair:5   | Reached skill level 5 in Armour
 16448 | Orc:1    | Entered Level 1 of the Orcish Mines
 16561 | Orc:1    | Reached skill level 17 in Unarmed Combat
 16671 | Orc:2    | Entered Level 2 of the Orcish Mines
 16678 | Orc:2    | Found a staircase to the Elven Halls.
 16686 | Orc:2    | Found Pydyeto's Magic Scroll Shoppe.
 16722 | Orc:2    | Found Saemnawk's Distillery.
 16778 | Orc:2    | Reached XP level 15. HP: 56/152 MP: 14/14
 17001 | Orc:2    | Paralysed by an orc sorcerer for 5 turns
 17519 | Orc:2    | Identified the ring of the Supporting Gods {rElec rPois
                  | rN++ rCorr Str-4}
 17684 | Orc:2    | Slain by a sun demon

Illustrated notes

Levels and vault maps discovered:
D:1:      minmay_arrival_doors, layout_basic, palyth_stone_intersect,
          minmay_tetromino_s4
D:2:      layout_rooms, hellmonk_ecumenical_altar_watching_god,
          serial_bayou_pond_c, nicolae_nh_oracle_at_delphi
D:3:      layout_basic, gammafunk_temple_overflow_pools, grunt_ministairs_11
D:4:      layout_basic, dancing_weapons_uskayaw, serial_shops,
          nicolae_lakefront_shop, nicolae_shop_tiny_statue_garden,
          nicolae_shop_just_a_little_nook, shop, nicolae_ossuary_entry_catacombs
D:5:      layout_loops_corners, serial_aquarium, aquarium_bridge_straight
          [aquarium_subvault_bridge, aquarium_subvault_balcony,
          aquarium_subvault_bridge, aquarium_subvault_window],
          aquarium_window_fake, aquarium_window_fake, aquarium_view_2c,
          aquarium_view_2e, aquarium_balcony_double_4, aquarium_pool_split
D:6:      layout_cave_pools, nicolae_overflow_hidden_temple,
          jmf_multi_god_temple2
D:7:      layout_loops_cross, nicolae_qazlal_eye_of_the_storm, kennysheep_mini,
          nicolae_ru_great_annihilating_truth, minmay_temple_entry_overgrown,
          grunt_ministairs_12, uniq_crazy_yiuf_cottage, uniq_pikel
D:8:      layout_loops_ring, lair_entry_dummy, serial_shops, shop_statue,
          st_stairs_1, hangedman_decor_opposing
D:9:      layout_roguey, uniq_psyche
D:10:     layout_grid_maze, uniq_harold
D:11:     layout_stronghold, chequers_serial_rivers_marsh, uniq_snorg
D:12:     layout_basic, david_orc_3, nrook_guardian_serpent_double
Lair:1:   layout_roguey, minivault_11, grunt_megastairs_5
Lair:2:   minmay_guarded_unrand_snakebite, layout_loops_ring, dummy_snake_entry,
          gammafunk_ghost_grave, st_stairs_8, nicolae_quartered_pool_medium,
          infiniplex_staircase_pool_2, serial_bayou_shore_a
Lair:3:   layout_chaotic_city, swamp_mist_pool, kilobyte_rumbling_trees
Lair:4:   layout_loops_ring, slime_entry_1
Lair:5:   due_jungle_book, layout_long_grid, gauntlet_entry_generic,
          lemuel_fruit_fields
Orc:1:    layout_caves, elves_outpost_lemuel
Orc:2:    pf_orc_diabolical, layout_caves, minmay_orc_treasury

Skill      XL: |  1  2  3  4  5  6  7  8  9 10 11 12 13 14 |
---------------+-------------------------------------------+-----
Shields        | 3 4 5 6 7 8 10 11 13 14 | 14.8
Unarmed Combat | 3 4 5 6 7 9 11 12 14 15 17 | 17.5
Fighting       | 3 4 5 6 7 8 9 10 | 10.9
Armour         | 4 6 |  6.4
Dodging        | |  2.4

Action                     |  1- 3 |  4- 6 |  7- 9 | 10-12 | 13-15 || total
---------------------------+-------+-------+-------+-------+-------++-------
  Melee: Unarmed           |   133 |   102 |   362 |   674 |   974 ||  2245
  Throw: Large rock        |       |       |       |       |     7 ||     7
 Invoke: Serpent's Lash    |       |       |       |       |     1 ||     1
Ability: Lunge             |       |     2 |    24 |    28 |    55 ||   109
         Whirlwind         |       |       |     8 |    27 |    19 ||    54
         Wall Jump         |       |       |       |     2 |       ||     2
  Evoke: Wand              |       |       |       |     1 |     9 ||    10
         Lightning rod     |       |       |       |       |     7 ||     7
    Use: Scroll            |       |     1 |     7 |    19 |     6 ||    33
         Potion            |       |       |       |     1 |     5 ||     6
   Stab: Sleeping          |       |     1 |       |       |       ||     1
         Distracted        |       |     1 |       |       |       ||     1
         Invisible         |       |       |       |     1 |       ||     1
 Armour: Robe              |    36 |    26 |    98 |    38 |       ||   198
         Acid dragon scale |       |       |       |    79 |   182 ||   261
         Troll leather arm |       |       |       |       |    51 ||    51
  Dodge: Dodged            |    56 |    17 |    93 |   206 |   372 ||   744
  Block: Kite shield       |    48 |    26 |   127 |   215 |   393 ||   809
